 Dungeon Crawl Stone Soup version 0.25-a0-290-g4a1327ee3a (webtiles) character file.

Game seed: 8464537146457751903, levelgen mode: deterministic

987 floatRand the Shield-Bearer (level 8, -3/67 HPs)
             Began as a Gnoll Fighter on Dec 14, 2019.
             Slain by an iguana (7 damage)
             ... on level 5 of the Dungeon.
             The game lasted 00:05:22 (5279 turns).

floatRand the Shield-Bearer (Gnoll Fighter)         Turns: 5279, Time: 00:05:22

Health: -3/67      AC: 11    Str: 23    XL:     8   Next: 18%
Magic:  12/12      EV: 10    Int: 11    God:
Gold:   363        SH: 11    Dex: 17    Spells: 13/13 levels left

rFire    + . .     SeeInvis .   a - +0 long sword
rCold    . . .     Gourm    .   c - +0 shield
rNeg     . . .     Faith    .   b - +0 scale mail
rPois    .         Spirit   .   h - +2 helmet
rElec    .         Reflect  .   (no cloak)
rCorr    .         Harm     .   (no gloves)
MR       .....                  (no boots)
Stlth    +.........             (no amulet)
HPRegen  0.21/turn              i - ring of protection from fire
MPRegen  0.13/turn              (no ring)

@: mighty
A: distributed training, fangs 1, strong nose
a: no special abilities


You were on level 5 of the Dungeon.
You were not hungry.

You visited 1 branch of the dungeon, and saw 5 of its levels.

You collected 363 gold pieces.

Inventory:

Hand Weapons
 a - a +0 long sword (weapon)
Missiles
 t - 4 boomerangs (quivered)
Armour
 b - a +0 scale mail (worn)
 c - a +0 shield (worn)
 h - a +2 helmet (worn)
Jewellery
 i - a ring of protection from fire (left hand)
 p - an uncursed ring of magical power {unknown}
 v - an uncursed ring of fire {unknown}
Wands
 y - a wand of digging (3)
Scrolls
 g - 5 scrolls of teleportation {unknown}
 j - 4 scrolls of fog {unknown}
 k - a scroll of amnesia {unknown}
 l - 7 scrolls of identify {unknown}
 m - 2 scrolls of remove curse {unknown}
 n - a scroll of enchant armour {unknown}
 s - a scroll of fear {unknown}
 x - 2 scrolls of noise {unknown}
 B - a scroll of enchant weapon {unknown}
Potions
 e - a potion of agility {unknown}
 o - 2 potions of ambrosia {unknown}
 q - a potion of curing {unknown}
 r - a potion of heal wounds {unknown}
 u - a potion of resistance {unknown}
 w - a potion of lignification {unknown}
 A - a potion of degeneration {unknown}
Comestibles
 f - 13 rations


   Skills:
 + Level 7.2 Fighting
 + Level 3.0 Short Blades
 + Level 5.5 Long Blades
 + Level 3.0 Axes
 + Level 3.0 Maces & Flails
 + Level 3.0 Polearms
 + Level 3.0 Staves
 + Level 3.0 Slings
 + Level 3.0 Bows
 + Level 3.0 Crossbows
 + Level 3.0 Throwing
 + Level 7.2 Armour
 + Level 3.0 Dodging
 + Level 3.0 Stealth
 + Level 7.2 Shields
 + Level 3.0 Unarmed Combat
 + Level 3.0 Spellcasting
 + Level 2.4 Conjurations
 + Level 2.4 Hexes
 + Level 2.4 Charms
 + Level 2.4 Summonings
 + Level 2.4 Necromancy
 + Level 2.4 Translocations
 + Level 2.4 Transmutations
 + Level 2.4 Fire Magic
 + Level 2.4 Ice Magic
 + Level 2.4 Air Magic
 + Level 2.4 Earth Magic
 + Level 2.4 Poison Magic
 + Level 3.2 Invocations
 + Level 3.0 Evocations


You had 13 spell levels left.
You didn't know any spells.
Your spell library contained the following spells:

 Spells                   Type           Power        Failure   Level  Hunger
 Summon Small Mammal      Summ           #...         52%         1    #......
 Call Imp                 Summ           #.......     67%         2    ###....
 Call Canine Familiar     Summ           #.......     88%         3    ###....
 Summon Guardian Golem    Hex/Summ       #.......     88%         3    ###....
 Summon Ice Beast         Ice/Summ       #.......     99%         4    #####..
 Summon Lightning Spire   Summ/Air       #.......     99%         4    #####..


Dungeon Overview and Level Annotations

Branches:
Dungeon (5/15)
 Temple: D:4-7

Altars:
Ru
Xom

Shops:
D:4 *

Annotations:
D:5 Grinder


Innate Abilities, Weirdness & Mutations

Your experience applies equally to all skills.
You have very sharp teeth.
Your uncanny sense of smell can sniff out nearby items.


Message History

Grinder is lightly wounded.
Grinder says, "DUCK!"
Grinder hits you!
* * * LOW HITPOINT WARNING * * *
You block the iguana's attack.
You completely miss Grinder.
Grinder is lightly wounded.
You block Grinder's attack. The iguana bites you.
* * * LOW HITPOINT WARNING * * *
You slash Grinder! You bite Grinder!
Grinder is almost dead.
You block the iguana's attack. Grinder gestures at you.
Pain shoots through your body!
* * * LOW HITPOINT WARNING * * *
Unknown command.
You closely miss Grinder.
Grinder is almost dead.
The iguana bites you!
You die...

.............#
#.####.#.
######.......#
#.####...
#.......#
#).......
#.......#
#........
#.......# #♣
#........
#.......# ..
##........
#.......######.##
#.........
#...............#
##........
#.........l@....#
#.#####..
#...........5...#
#.# #..
######..........#
### ###
#..........#
#..........#
############


You could see Grinder and an iguana.

Vanquished Creatures
  A phantom (D:5)
  2 ogres
  A bullfrog (D:4)
  A howler monkey (D:5)
  2 crimson imps (D:5)
  4 orc priests
  2 hounds (D:4)
  2 jellies
  2 orc wizards
  A worker ant (D:4)
  A hound skeleton (D:5)
  6 adders
  A shadow imp (D:5)
  3 oozes
  An adder skeleton (D:5)
  5 worms
  3 dart slugs
  3 leopard geckos
  20 orcs
  6 giant cockroaches
  4 goblins
  3 hobgoblins
  2 iguanas
  9 jackals
  2 quokkas
  5 bats
  6 frilled lizards
  5 kobolds
  9 rats
112 creatures vanquished.

Notes
Turn   | Place    | Note
-------+----------+-------------------------------------------
     0 | D:1      | floatRand the Gnoll Fighter began the quest for the Orb.
     0 | D:1      | Reached XP level 1. HP: 23/23 MP: 1/1
    99 | D:1      | Reached XP level 2. HP: 29/29 MP: 2/2
   486 | D:1      | Reached XP level 3. HP: 35/35 MP: 3/3
   810 | D:2      | Reached skill level 1 in Invocations
  1099 | D:2      | Reached skill level 1 in Short Blades
  1099 | D:2      | Reached skill level 1 in Axes
  1099 | D:2      | Reached skill level 1 in Maces & Flails
  1099 | D:2      | Reached skill level 1 in Polearms
  1099 | D:2      | Reached skill level 1 in Staves
  1099 | D:2      | Reached skill level 1 in Slings
  1099 | D:2      | Reached skill level 1 in Bows
  1099 | D:2      | Reached skill level 1 in Crossbows
  1099 | D:2      | Reached skill level 1 in Throwing
  1099 | D:2      | Reached skill level 1 in Dodging
  1099 | D:2      | Reached skill level 1 in Stealth
  1099 | D:2      | Reached skill level 1 in Unarmed Combat
  1099 | D:2      | Reached skill level 1 in Spellcasting
  1099 | D:2      | Reached skill level 1 in Evocations
  1108 | D:2      | Reached XP level 4. HP: 35/41 MP: 5/5
  1444 | D:3      | Reached skill level 1 in Conjurations
  1444 | D:3      | Reached skill level 1 in Hexes
  1444 | D:3      | Reached skill level 1 in Charms
  1444 | D:3      | Reached skill level 1 in Summonings
  1444 | D:3      | Reached skill level 1 in Necromancy
  1444 | D:3      | Reached skill level 1 in Translocations
  1444 | D:3      | Reached skill level 1 in Transmutations
  1444 | D:3      | Reached skill level 1 in Fire Magic
  1444 | D:3      | Reached skill level 1 in Ice Magic
  1444 | D:3      | Reached skill level 1 in Air Magic
  1444 | D:3      | Reached skill level 1 in Earth Magic
  1444 | D:3      | Reached skill level 1 in Poison Magic
  1738 | D:3      | Found a sacrificial altar of Ru.
  1786 | D:3      | Found a shimmering altar of Xom.
  2011 | D:3      | Reached XP level 5. HP: 44/47 MP: 6/6
  3310 | D:3      | Reached XP level 6. HP: 43/53 MP: 8/8
  3377 | D:4      | Found Ysiagucu's Lightly-Used Armoury.
  3484 | D:4      | Reached skill level 5 in Long Blades
  3762 | D:4      | Reached XP level 7. HP: 44/59 MP: 10/10
  3930 | D:5      | Entered Level 5 of the Dungeon
  4768 | D:5      | Reached XP level 8. HP: 65/67 MP: 12/12
  5250 | D:5      | Noticed Grinder
  5261 | D:5      | Paralysed by Grinder for 7 turns
  5279 | D:5      | Slain by an iguana

Levels and vault maps discovered:
D:1:      lightli_arrival_windingriver, layout_basic
D:2:      layout_loops_ring, first_ration
D:3:      layout_basic, nicolae_overflow_hidden_temple, dk_xom_monty_hall
D:4:      layout_basic, minmay_shop_damaged
D:5:      layout_basic, grunt_ministairs_11, uniq_grinder

Skill      XL: |  1  2  3  4  5  6  7  8 |
---------------+-------------------------+-----
Invocations    | 1 2 3 |  3.2
Short Blades   | 1 2 3 |  3.0
Axes           | 1 2 3 |  3.0
Maces & Flails | 1 2 3 |  3.0
Polearms       | 1 2 3 |  3.0
Staves         | 1 2 3 |  3.0
Slings         | 1 2 3 |  3.0
Bows           | 1 2 3 |  3.0
Crossbows      | 1 2 3 |  3.0
Throwing       | 1 2 3 |  3.0
Dodging        | 1 2 3 |  3.0
Stealth        | 1 2 3 |  3.0
Unarmed Combat | 1 2 3 |  3.0
Spellcasting   | 1 2 3 |  3.0
Evocations     | 1 2 3 |  3.0
Conjurations   | 1 2 |  2.4
Hexes          | 1 2 |  2.4
Charms         | 1 2 |  2.4
Summonings     | 1 2 |  2.4
Necromancy     | 1 2 |  2.4
Translocations | 1 2 |  2.4
Transmutations | 1 2 |  2.4
Fire Magic     | 1 2 |  2.4
Ice Magic      | 1 2 |  2.4
Air Magic      | 1 2 |  2.4
Earth Magic    | 1 2 |  2.4
Poison Magic   | 1 2 |  2.4
Long Blades    | 5 |  5.5
Fighting       | 7 |  7.2
Armour         | 7 |  7.2
Shields        | 7 |  7.2

Action                   |  1- 3 |  4- 6 |  7- 9 || total
-------------------------+-------+-------+-------++-------
Melee: Long sword        |    91 |   185 |   191 ||   467
       Bite              |    17 |    30 |    31 ||    78
Throw: Boomerang         |       |     4 |       ||     4
  Use: Potion            |       |       |     1 ||     1
  Eat: Chunk             |     1 |     8 |     6 ||    15
Armor: Scale mail        |    40 |    59 |    67 ||   166
Dodge: Dodged            |    29 |    48 |    53 ||   130
Block: Shield            |    52 |   112 |    93 ||   257
       Rpst.: Long sword |    10 |    13 |    19 ||    42

Table legend:
 A = Non-vault XP
 B = Vault XP
 C = Vault XP percentage of total XP
 D = Non-vault monster count
 E = Vault monster count
 F = Vault count percentage of total count
                 A         B        C        D         E       F
            +---------+---------+-------+---------+---------+-------
      Total |    1367 |      43 |   3.0 |     109 |       3 |   2.7
            +---------+---------+-------+---------+---------+-------
        D:1 |      39 |       0 |   0.0 |      19 |       0 |   0.0
        D:2 |      56 |       0 |   0.0 |      16 |       0 |   0.0
        D:3 |     172 |      42 |  19.6 |      30 |       2 |   6.2
        D:4 |     412 |       0 |   0.0 |      18 |       0 |   0.0
        D:5 |     688 |       1 |   0.1 |      26 |       1 |   3.7
            +---------+---------+-------+---------+---------+-------
